 Dungeon Crawl Stone Soup version 0.28-a0-479-g5baa6b73be (webtiles) character file.

Game seed: 18171559534557528472

53 Tocho the Grave Robber (level 3, -2/24 HPs)
             Began as a Vampire Necromancer on Sept 17, 2021.
             Slain by a ball python (3 damage)
             ... in a sewer.
             The game lasted 00:04:37 (1903 turns).

Tocho the Grave Robber (Vampire Necromancer)        Turns: 1903, Time: 00:04:38

Health: -2/24      AC:  2    Str:  4 (7)  XL:     3   Next: 62%
Magic:  7/7        EV:  9    Int: 17 (18) God:
Gold:   60         SH:  0    Dex: 12 (14) Spells: 5/7 levels left

rFire   + . .      SeeInvis +   j - +0 short sword
rCold   + . .      Faith    .   (no shield)
rNeg    . . .      Spirit   .   a - +0 robe
rPois   +          Reflect  .   (no helmet)
rElec   +          Harm     .   (no cloak)
rCorr   +          Rampage  .   (no gloves)
Will    .....                   (no boots)
Stlth   ++........              (no amulet)
HPRegen 0.28/turn               (no ring)
MPRegen 0.10/turn               (no ring)

@: brilliant, lethally poisoned (-2 -> -3), resistant, healing quickly, hasted,
constricted, very quick
A: alive, fangs 3, see invisible, vampiric 2
a: Exsanguinate


You were in a sewer.
You visited 1 branch of the dungeon, and saw 3 of its levels.
You also visited: Sewer.

You collected 60 gold pieces.

Inventory:

Hand Weapons
 j - a +0 short sword (weapon)
Missiles
 i - 29 poisoned darts
Armour
 a - a +0 robe (worn)
 b - a +0 leather armour
Jewellery
 k - a +6 ring of dexterity
 n - an amulet of guardian spirit
Scrolls
 d - a scroll of amnesia {unknown}
 e - 2 scrolls of noise {unknown}
 f - a scroll of identify {unknown}
 h - a scroll of blinking {unknown}
 m - 2 scrolls of fog {unknown}
 p - a scroll of teleportation {unknown}


   Skills:
 + Level 0.1 Fighting
 + Level 0.1 Short Blades
 + Level 2.3 Dodging
 + Level 3.7 Stealth
 + Level 0.2 Unarmed Combat
 + Level 2.8 Spellcasting
 + Level 4.9 Necromancy


You had 5 spell levels left.
You knew the following spells:

 Your Spells              Type           Power      Damage    Failure   Level
a - Pain                  Necr           100%       1d9       2%          1
b - Animate Skeleton      Necr           56%        N/A       2%          1

Your spell library contained the following spells:

 Spells                   Type           Power      Damage    Failure   Level
 Vampiric Draining        Necr           14%        2d8       7%          3
 Animate Dead             Necr           14%        N/A       22%         4
 Agony                    Necr           28%        N/A       54%         5
 Olgreb's Toxic Radiance  Pois           3%         N/A       87%         4
 Ozocubu's Refrigeration  Ice            1%         4d5       100%        7
 Ignition                 Fire           1%         3d3       100%        8


Dungeon Overview and Level Annotations

Branches:
Dungeon (3/15)              Sewer (1/1)

Altars:
The Shining One

Annotations:
D:2 Sigmund


Innate Abilities, Weirdness & Mutations

Your natural rate of healing is accelerated.
You have razor-sharp teeth.
You have supernaturally acute eyesight. (SInv)
You are afflicted with vampirism and can become a bat while bloodless.


Message History

Aim: an adder (moderately wounded, chance to affect: 85%)
The adder writhes in agony.
The adder bites you.
You are poisoned.
The adder poisons you! The ball python closely misses you. x2
Aiming: Pain (safe; 2% risk of failure)
Press: ? - help, Q - select action, (/) - cycle Shift-Dir - straight line, f/p - adder
Aim: an adder (heavily wounded, chance to affect: 85%)
The adder writhes in agony!
You kill the adder!
You feel sick. The ball python bites you. The ball python grabs you.
The ball python constricts you. The ball python completely misses you.
Unknown command.
It was a potion of degeneration.
There was something very wrong with that liquid.
You feel weakened.
You feel dopey.
You feel clumsy.
You feel sick. The ball python bites you. The ball python constricts you.
* * * LOW HITPOINT WARNING * * *
The ball python barely misses you.
It was a potion of haste.
You feel yourself speed up.
You feel sick. The ball python barely misses you.
The ball python constricts you.
* * * LOW HITPOINT WARNING * * *
The ball python barely misses you.
It was a potion of brilliance.
You feel clever all of a sudden.
You feel sick. The ball python closely misses you.
The ball python constricts you.
* * * LOW HITPOINT WARNING * * *
The ball python bites you.
* * * LOW HITPOINT WARNING * * *
It was a potion of resistance.
You feel protected.
The ball python bites you but does no damage.
The ball python constricts you.
The ball python bites you but does no damage.
Unknown command.
It was a potion of magic.
Magic courses through your body.
* * * LOW HITPOINT WARNING * * *
You feel sick. The ball python bites you.
You die...

#≈.##.## ##≈≈#..# ≈
#≈≈≈#.∩# ≈≈
##≈≈##..# ≈≈≈
##≈≈≈#≈.## ≈≈≈≈##
###≈≈≈≈#.≈
#.≈≈.≈#####≈.≈≈≈##∩#
#≈≈≈≈≈S≈≈≈≈≈≈.####
#≈.≈≈S@†≈≈≈≈##
###≈≈≈≈≈≈≈###
#########


You could see 2 ball pythons.

Vanquished Creatures
  An adder (Sewer)
  A worm (D:3)
  A dart slug (D:1)
  5 ball pythons
  2 endoplasms
  2 giant cockroaches
  2 goblins
  3 hobgoblins
  3 kobolds
  5 quokkas
  4 bats
  4 frilled lizards
  6 rats
39 creatures vanquished.

Notes
Turn   | Place    | Note
-------+----------+-------------------------------------------
     0 | D:1      | Tocho the Vampire Necromancer began the quest for the Orb.
     0 | D:1      | Reached XP level 1. HP: 13/13 MP: 3/3
   239 | D:1      | Noticed a shining eye
   256 | D:1      | Found a faded altar of an unknown god.
   260 | D:1      | Noticed a golden eye
   265 | D:1      | Noticed a golden eye
   268 | D:1      | Noticed a great orb of eyes
   403 | D:1      | Reached XP level 2. HP: 17/19 MP: 1/5
   473 | D:1      | Learned a level 1 spell: Animate Skeleton
   690 | D:2      | Noticed Sigmund
  1165 | D:3      | Gained mutation: You are afflicted with vampirism and can
                  | become a bat while bloodless. [Vampire growth]
  1165 | D:3      | Reached XP level 3. HP: 23/24 MP: 4/6
  1385 | D:3      | Found a glowing drain.
  1404 | Sewer    | Entered a sewer
  1901 | Sewer    | HP: 1/24 [ball python (2)]
  1903 | Sewer    | Slain by a ball python

Illustrated notes

Levels and vault maps discovered:
D:1:      scummos_arrival_hexagon, layout_basic,
          hellmonk_ecumenical_altar_watching_god
D:2:      layout_rooms, basic_altar, minmay_ruptured, uniq_sigmund, uniq_terence
D:3:      layout_basic, cheibrodos_sewer_entry_bend, serial_glass,
          glass_columns_c, glass_columns_c
Sewer:    sewer_frog_island_02

Action                   || total
-------------------------++-------
Melee: Unarmed           ||    34
       Bite              ||     5
       Short sword       ||    56
 Cast: Pain              ||    47
       Animate Skeleton  ||     4
  Use: Potion            ||     6
 Stab: Sleeping          ||     2
Armor: Robe              ||    24
Dodge: Dodged            ||    77

Table legend: (Time is in decaauts)
 A = Elapsed time spent in this place.
 B = Non-inter-level travel time spent in this place.
 C = Inter-level travel time spent in this place.
 D = Time resting spent in this place.
 E = Time spent auto-exploring this place.
 F = Levels seen in this place.
 G = Mean time per level.
                   A        B        C        D        E       F      G
               +--------+--------+--------+--------+--------+-----+--------+
         Total |   1932 |   1875 |     57 |    469 |    939 |   4 |  483.0 |
       Dungeon |   1408 |   1351 |     57 |     69 |    939 |   3 |  469.3 |
         Sewer |    523 |    523 |      0 |    400 |      0 |   1 |  523.0 |
               +--------+--------+--------+--------+--------+-----+--------+

Top non-repeatable levels by time:
     D:3: 694 daAuts
     D:1: 650 daAuts
   Sewer: 523 daAuts
     D:2: 63 daAuts
